 Dungeon Crawl Stone Soup version 0.27-a0-1196-g3e9cee4cb2 (webtiles) character file.

Game seed: 15872278283802472535

885 Kinoniko the Chopper (level 7, 0/43 (50) HPs)
             Began as a Demonspawn Gladiator on May 27, 2021.
             Was an Initiate of Qazlal.
             Slain by a wight
             ... wielding a +1 halberd of freezing
              (1 damage)
             ... on level 5 of the Dungeon.
             The game lasted 00:04:34 (4210 turns).

Kinoniko the Chopper (Demonspawn Gladiator)         Turns: 4210, Time: 00:04:36

HP:   0/43 (50)     AC: 10    Str: 16    XL:     7   Next: 76%
MP:   10/10         EV: 10    Int: 10    God:    Qazlal [......]
Gold: 268           SH:  0    Dex: 14    Spells: 6/6 levels left

rFire    . . .     SeeInvis .   a - +0 war axe
rCold    . . .     Faith    .   (no shield)
rNeg     . . .     Spirit   .   j - +0 scale mail
rPois    .         Reflect  .   l - +2 hat
rElec    .         Harm     .   (no cloak)
rCorr    .         Rampage  .   (no gloves)
Will     .....                  h - +1 pair of boots
Stlth    ..........             (no amulet)
HPRegen  0.14/turn              (no ring)
MPRegen  0.12/turn              (no ring)

@: mighty, heavily drained
A: talons 1, powered by pain 3, spiny 1
a: Renounce Religion


You were on level 5 of the Dungeon.
You worshipped Qazlal.
Qazlal was noncommittal.
You visited 2 branches of the dungeon, and saw 6 of its levels.

You collected 268 gold pieces.

Inventory:

Hand Weapons
 a - a +0 war axe (weapon)
Missiles
 d - 3 throwing nets (quivered)
Armour
 b - a +0 leather armour
 c - a +0 helmet
 h - a +1 pair of boots (worn)
 j - a +0 scale mail (worn)
 l - a +2 hat (worn)
Jewellery
 m - a ring of protection from fire
Wands
 f - a wand of digging (5)
Scrolls
 e - a scroll of noise
 g - a scroll of identify
 i - a scroll of vulnerability
 k - a scroll of magic mapping
Potions
 o - a potion of ambrosia {unknown}


   Skills:
 - Level 2.0 Fighting
 * Level 7.7 Axes
 - Level 1.7 Throwing
 - Level 2.6 Dodging
 * Level 5.1 Invocations


You had 6 spell levels left.
You didn't know any spells.
Your spell library contained the following spells:

 Spells                   Type           Power      Damage    Failure   Level
 Confusing Touch          Hex            0%         N/A       99%         3
 Gell's Gravitas          Tloc           0%         N/A       99%         3
 Petrify                  Tmut/Erth      0%         N/A       100%        4
 Metabolic Englaciation   Hex/Ice        0%         N/A       100%        5
 Yara's Violent Unravell  Hex/Tmut       0%         3d3       100%        5


Dungeon Overview and Level Annotations

Branches:
Dungeon (5/15)             Temple (1/1) D:4

Altars:
Dithmenos
Fedhas
Qazlal
Vehumet


Innate Abilities, Weirdness & Mutations

You have sharp toenails.
You are powered by pain.
You are partially covered in sharp spines.


Message History

You feel drained.
The wight hits you from afar with a +1 halberd of freezing.
You feel drained. The wight freezes you.
You hit the wight.
The wight is severely damaged.
The wight hits you but does no damage. The wight closely misses you.
You closely miss the wight.
The wight is severely damaged.
The wight is struck by your spines. The wight barely misses you.
The wight closely misses you.
You closely miss the wight.
The wight is almost destroyed.
The wight hits you but does no damage. The wight closely misses you.
You closely miss the wight.
The wight is almost destroyed.
The wight hits you with a +3 dagger!
You feel drained. The wight closely misses you.
You hit the wight.
The wight is almost destroyed.
The wight is struck by your spines.
You destroy the wight!
Qazlal accepts your kill.
The wight hits you from afar with a +1 halberd of freezing.
You feel drained. The wight freezes you.
Your Invocations skill increases to level 5!
It was a potion of might.
You feel very mighty all of a sudden. The wight hits you with a +3 falchion.
The wight hits you from afar with a +1 halberd of freezing!
You feel drained. The wight freezes you.
* * * LOW HITPOINT WARNING * * *
Okay, then.
You closely miss the wight. The wight hits you with a +3 falchion!
* * * LOW HITPOINT WARNING * * *
You feel drained.
* * * LOW HITPOINT WARNING * * *
The wight hits you from afar with a +1 halberd of freezing.
* * * LOW HITPOINT WARNING * * *
The wight freezes you.
You die...

#..#########..#...#
........ #..##'## .......
#..##..#
...#########....(.#
...##.....##.....)######.
#........................
#...........<............
....>....................
...##.<.########@###.####
#..##...########z# .#
#..............zzz #
#..##.............+
#..##.............#
....+.............#
#...#..<##..##.[.##
#..##...##..##...#
...##...##..# .


You could see 4 wights.

Vanquished Creatures
  Grinder (D:4)
  Sigmund (D:4)
  Menkaure (D:4)
  A sky beast (D:5)
  A phantom (D:4)
  A wight (D:5)
  3 hounds
  3 adders
  4 dart slugs
  4 orcs (D:3)
  A ball python (D:3)
  8 endoplasms
  4 giant cockroaches
  8 goblins
  6 hobgoblins
  15 jackals
  7 kobolds
  3 quokkas
  5 bats
  A frilled lizard (D:1)
  5 rats
83 creatures vanquished.

Notes
Turn   | Place    | Note
-------+----------+-------------------------------------------
     0 | D:1      | Kinoniko the Demonspawn Gladiator began the quest for the
                  | Orb.
     0 | D:1      | Reached XP level 1. HP: 16/16 MP: 1/1
    42 | D:1      | Reached skill level 3 in Axes
   118 | D:1      | Gained mutation: You have sharp toenails. [demonic
                  | ancestry]
   118 | D:1      | Reached XP level 2. HP: 8/22 MP: 2/2
   816 | D:1      | Gained mutation: You sometimes gain a little power by
                  | taking damage. [demonic ancestry]
   816 | D:1      | Reached XP level 3. HP: 23/27 MP: 3/3
   826 | D:1      | Reached skill level 4 in Axes
  1389 | D:2      | Found a faded altar of an unknown god.
  1951 | D:3      | Gained mutation: You are partially covered in sharp spines.
                  | [demonic ancestry]
  1951 | D:3      | Reached XP level 4. HP: 16/33 MP: 4/4
  2291 | D:3      | Found a blossoming altar of Fedhas.
  2772 | D:4      | Reached skill level 5 in Axes
  2772 | D:4      | Reached XP level 5. HP: 38/38 MP: 5/5
  2802 | D:4      | Noticed a phantom
  2810 | D:4      | Killed a phantom
  2859 | D:4      | Reached skill level 6 in Axes
  2863 | D:4      | Found a staircase to the Ecumenical Temple.
  2865 | D:4      | Noticed Menkaure
  2873 | D:4      | Killed Menkaure
  2874 | D:4      | Gained mutation: You sometimes gain power by taking damage.
                  | [demonic ancestry]
  2874 | D:4      | Reached XP level 6. HP: 28/44 MP: 6/6
  2989 | Temple   | Entered the Ecumenical Temple
  2997 | Temple   | Became a worshipper of Qazlal Stormbringer
  3035 | D:4      | Noticed Grinder
  3053 | D:4      | Killed Grinder
  3054 | D:4      | Reached skill level 7 in Axes
  3054 | D:4      | Gained mutation: You are powered by pain. [demonic
                  | ancestry]
  3054 | D:4      | Reached XP level 7. HP: 32/50 MP: 6/9
  3527 | D:4      | Noticed Sigmund
  3535 | D:4      | Killed Sigmund
  3889 | D:4      | Found a shadowy altar of Dithmenos.
  3889 | D:4      | Found a radiant altar of Vehumet.
  3968 | D:5      | Entered Level 5 of the Dungeon
  4209 | D:5      | Reached skill level 5 in Invocations
  4210 | D:5      | HP: 1/43 [wight/+1 halberd of freezing (2)]
  4210 | D:5      | Slain by a wight

Illustrated notes

Levels and vault maps discovered:
D:1:      ncdulo_watergridlock, layout_basic, minmay_misc_feat_rows,
          amcnicky_mini_pool_small
D:2:      layout_basic, chequers_ecumenical_altar_grove
D:3:      kennysheep_the_goblin_king, layout_rooms,
          nicolae_overflow_crystal_walls
D:4:      layout_loops_ring, amethyst_overflow_temple_binary,
          minmay_temple_entry_offerings, minmay_misc_feat_roman, uniq_grinder,
          uniq_sigmund, uniq_menkaure
D:5:      layout_gridville
Temple:   bh_familiar_temple

Skill      XL: |  1  2  3  4  5  6  7 |
---------------+----------------------+-----
Axes           | 3 4 5 6 7 |  7.7
Invocations    | 3 5 |  5.1
Fighting       | |  2.0
Throwing       | |  1.7
Dodging        | |  2.6

Action                   |  1- 3 |  4- 6 |  7- 9 || total
-------------------------+-------+-------+-------++-------
Melee: War axe           |    92 |    67 |    37 ||   196
       Kick              |     7 |       |       ||     7
  Use: Potion            |     1 |     1 |     1 ||     3
       Scroll            |       |     6 |       ||     6
 Stab: Sleeping          |     2 |       |       ||     2
Armor: Leather armour    |    18 |       |       ||    18
       Scale mail        |     9 |    27 |    18 ||    54
Dodge: Dodged            |    61 |    32 |    20 ||   113

Table legend: (Time is in decaauts)
 A = Elapsed time spent in this place.
 B = Non-inter-level travel time spent in this place.
 C = Inter-level travel time spent in this place.
 D = Time resting spent in this place.
 E = Time spent auto-exploring this place.
 F = Levels seen in this place.
 G = Mean time per level.
                   A        B        C        D        E       F      G
               +--------+--------+--------+--------+--------+-----+--------+
         Total |   4258 |   4138 |    120 |   1014 |   2583 |   6 |  709.7 |
       Dungeon |   4241 |   4121 |    120 |   1014 |   2581 |   5 |  848.2 |
        Temple |     16 |     16 |      0 |      0 |      2 |   1 |   16.0 |
               +--------+--------+--------+--------+--------+-----+--------+

Top non-repeatable levels by time:
     D:4: 1191 daAuts
     D:1: 1177 daAuts
     D:3: 862 daAuts
     D:2: 765 daAuts
     D:5: 244 daAuts
  Temple: 16 daAuts
